IL
ALBUQUERQUE ISOTOPES @ COLORADO SPRINGS SKY SOX
08/02/2048
 
TOP OF THE 1ST
Albuquerque Isotopes batting - Pitching for Colorado Springs Sky Sox : RHP Trey Price
Pitching: RHP Trey Price
Batting: RHB Mike Ball 0-0: Ball
1-0: Ball
2-0: Foul Ball, location: 2F
2-1: Ball
3-1: Called Strike
3-2: Foul Ball, location: 2F
3-2: Foul Ball, location: 2F
3-2: Base on Balls
Batting: RHB Adrian Rudkilde 0-0: Ball
1-0: Ball
2-0: Ball
3-0: Base on Balls
Mike Ball to second
Batting: RHB Chris King 0-0: Foul Ball, location: 2F
0-1: Ball
1-1: Foul Ball, location: 2F
1-2: Ball
2-2: Ball
3-2: SINGLE (Groundball, 56D, EV 98.1 MPH)
Mike Ball to third
Adrian Rudkilde to second
Runner from 3rd tries for Home, SAFE, throw by LF to home
Batting: SHB Jamel Wright 0-0: Ball
1-0: Foul Ball, location: 2F
1-1: Called Strike
1-2: Strikes out looking
Batting: LHB Adam Hill 0-0: Ball
1-0: Called Strike
1-1: Ball
2-1: Grounds into double play, 4-6-3 (Groundball, 4, EV 103.1 MPH)
Top of the 1st over - 1 run, 1 hit, 0 errors, 1 left on base; Albuquerque 1 - Colorado Springs 0
BOTTOM OF THE 1ST
Colorado Springs Sky Sox batting - Pitching for Albuquerque Isotopes : RHP Adam McCurdy
Pitching: RHP Adam McCurdy
Batting: LHB Steve Gilliam 0-0: Foul Ball, location: 2F
0-1: Ball
1-1: Ball
2-1: Ground out 5-3 (Groundball, 56, EV 78.1 MPH)
Batting: LHB Greg Valenzuela 0-0: Ball
1-0: Called Strike
1-1: Ball
2-1: SINGLE (Groundball, 56S, EV 75.6 MPH) (infield hit)
Batting: RHB Maurice Moore 0-0: Ball
Greg Valenzuela steals 2nd base
1-0: Called Strike
1-1: Ball
2-1: Called Strike
2-2: Strikes out swinging
Batting: LHB Michael Krott 0-0: Ball
1-0: Ball
2-0: Ground out U3 (Groundball, 3L, EV 83.1 MPH)
Bottom of the 1st over - 0 runs, 1 hit, 0 errors, 1 left on base; Albuquerque 1 - Colorado Springs 0
TOP OF THE 2ND
Albuquerque Isotopes batting - Pitching for Colorado Springs Sky Sox : RHP Trey Price
Batting: LHB Gabe Harvey 0-0: Ball
1-0: Ball
2-0: Called Strike
2-1: Called Strike
2-2: Strikes out looking
Batting: RHB Herb McIntyre 0-0: Ball
1-0: Ball
2-0: Ball
3-0: Called Strike
3-1: Called Strike
3-2: SINGLE (Groundball, 6MD, EV 106.2 MPH)
Batting: LHB Chad Persaud 0-0: Ball
1-0: Foul Ball, location: 2F
1-1: Ball
2-1: Called Strike
2-2: Ball
3-2: Fielders Choice at 2nd, 6-4 (Groundball, 6, EV 93.8 MPH)
Batting: SHB Mitchell Greene 0-0: Called Strike
0-1: Ball
1-1: Ball
2-1: Foul Ball, location: 2F
2-2: Ball
3-2: Foul Ball, location: 2F
3-2: Base on Balls
Chad Persaud to second
Batting: RHB Mike Ball 0-0: Called Strike
0-1: Ball
1-1: Foul Ball, location: 2F
1-2: Ball
2-2: Fielders Choice at 2nd, U4 (Groundball, 4M, EV 81.2 MPH)
Top of the 2nd over - 0 runs, 1 hit, 0 errors, 2 left on base; Albuquerque 1 - Colorado Springs 0
BOTTOM OF THE 2ND
Colorado Springs Sky Sox batting - Pitching for Albuquerque Isotopes : RHP Adam McCurdy
Batting: RHB Mike McElroy 0-0: Ball
1-0: Swinging Strike
1-1: Swinging Strike
1-2: Ball
2-2: SINGLE (Groundball, 56S, EV 71.2 MPH) (infield hit)
Batting: LHB Iehohs Inatho 0-0: Called Strike
0-1: Foul Ball, location: 2F
0-2: Ball
1-2: Strikes out swinging
Batting: LHB Luke Coulter 0-0: Called Strike
0-1: Ball
1-1: Ball
2-1: Foul Ball, location: 2F
2-2: Ball
Mike McElroy is caught stealing 2nd base 2-6
3-2: Base on Balls
Batting: RHB Eduardo Camacho 0-0: Called Strike
0-1: Ball
1-1: Ball
2-1: Ball
3-1: Foul Ball, location: 2F
3-2: Base on Balls
Luke Coulter to second
Batting: RHB John Stevenson 0-0: Called Strike
0-1: Ball
1-1: Fly out, F7 (Line Drive, 7, EV 97.5 MPH)
Bottom of the 2nd over - 0 runs, 1 hit, 0 errors, 2 left on base; Albuquerque 1 - Colorado Springs 0
TOP OF THE 3RD
Albuquerque Isotopes batting - Pitching for Colorado Springs Sky Sox : RHP Trey Price
Batting: RHB Adrian Rudkilde 0-0: Called Strike
0-1: Swinging Strike
0-2: Ground out 5-3 (Groundball, 56S, EV 68.1 MPH)
Batting: RHB Chris King 0-0: Called Strike
0-1: Foul Ball, location: 2F
0-2: Ground out 4-3 (Groundball, 4, EV 81.2 MPH)
Batting: SHB Jamel Wright 0-0: SINGLE (Flyball, 5D, EV 93.8 MPH)
Batting: LHB Adam Hill 0-0: Ball
Jamel Wright is caught stealing 2nd base 2-6
Top of the 3rd over - 0 runs, 1 hit, 0 errors, 0 left on base; Albuquerque 1 - Colorado Springs 0
BOTTOM OF THE 3RD
Colorado Springs Sky Sox batting - Pitching for Albuquerque Isotopes : RHP Adam McCurdy
Batting: LHB Steve Gilliam 0-0: Ball
1-0: Ball
2-0: Fly out, F9 (Flyball, 9, EV 84.4 MPH)
Batting: LHB Greg Valenzuela 0-0: Ball
1-0: Called Strike
1-1: Ball
2-1: SINGLE (Groundball, 3D, EV 99.4 MPH)
Batting: RHB Maurice Moore 0-0: Ball
1-0: Ball
2-0: Ball
3-0: Called Strike
3-1: Base on Balls
Greg Valenzuela to second
Batting: LHB Michael Krott 0-0: Ball
1-0: Foul Ball, location: 2F
1-1: Ball
2-1: Ball
3-1: Fielders Choice at 2nd, 3-6 (Groundball, 13, EV 93.8 MPH)
Greg Valenzuela to third
Batting: RHB Mike McElroy 0-0: Called Strike
0-1: SINGLE (Line Drive, 8RS, EV 91.9 MPH)
Greg Valenzuela scores
Michael Krott to second
Batting: LHB Iehohs Inatho 0-0: TRIPLE (Flyball, 9LD, EV 97.5 MPH)
Michael Krott scores
Mike McElroy scores
Batting: LHB Luke Coulter 0-0: Called Strike
0-1: Ground out 6-3 (Groundball, 6, EV 88.8 MPH)
Bottom of the 3rd over - 3 runs, 3 hits, 0 errors, 1 left on base; Albuquerque 1 - Colorado Springs 3
TOP OF THE 4TH
Albuquerque Isotopes batting - Pitching for Colorado Springs Sky Sox : RHP Trey Price
Batting: LHB Adam Hill 0-0: Ground out 4-3 (Groundball, 4, EV 106.2 MPH)
Batting: LHB Gabe Harvey 0-0: Ground out 4-3 (Groundball, 4, EV 108.8 MPH)
Batting: RHB Herb McIntyre 0-0: Ball
1-0: Called Strike
1-1: Ball
2-1: Called Strike
2-2: Foul Ball, location: 2F
2-2: Ball
3-2: Base on Balls
Batting: LHB Chad Persaud Pickoff Throw to First - Out! 1-3 CS
Top of the 4th over - 0 runs, 0 hits, 0 errors, 0 left on base; Albuquerque 1 - Colorado Springs 3
BOTTOM OF THE 4TH
Colorado Springs Sky Sox batting - Pitching for Albuquerque Isotopes : RHP Adam McCurdy
Batting: RHB Eduardo Camacho 0-0: Called Strike
0-1: Ball
1-1: Fly out, F8 (Flyball, 8LXD, EV 78.8 MPH)
Batting: RHB John Stevenson 0-0: Called Strike
0-1: Ball
1-1: Swinging Strike
1-2: SINGLE (Groundball, 5S, EV 73.8 MPH) (infield hit)
Batting: LHB Steve Gilliam 0-0: Ball
John Stevenson is caught stealing 2nd base 2-6
1-0: Called Strike
1-1: Ball
2-1: SINGLE (Groundball, 3S, EV 72.5 MPH) (infield hit)
Batting: LHB Greg Valenzuela 0-0: Ball
1-0: Ball
Steve Gilliam steals 2nd base
2-0: SINGLE (Groundball, 4M, EV 89.4 MPH) (infield hit)
Steve Gilliam to third
Batting: RHB Maurice Moore 0-0: Called Strike
0-1: Ball
1-1: Ball
2-1: Called Strike
2-2: Strikes out swinging
Bottom of the 4th over - 0 runs, 3 hits, 0 errors, 2 left on base; Albuquerque 1 - Colorado Springs 3
TOP OF THE 5TH
Albuquerque Isotopes batting - Pitching for Colorado Springs Sky Sox : RHP Trey Price
Batting: LHB Chad Persaud 0-0: Called Strike
0-1: Ball
1-1: Fly out, F8 (Flyball, 8LD, EV 108.1 MPH)
Batting: SHB Mitchell Greene 0-0: SINGLE (Groundball, 34D, EV 96.2 MPH)
Batting: RHB Mike Ball 0-0: Called Strike
0-1: Reached on error, E5 (Groundball, 56S, EV 84.4 MPH)
Mitchell Greene to second
Batting: RHB Adrian Rudkilde 0-0: Ball
1-0: Ball
2-0: Foul Ball, location: 2F
2-1: Swinging Strike
2-2: Ball
3-2: Foul Ball, location: 2F
3-2: Strikes out looking
Batting: RHB Chris King 0-0: Called Strike
0-1: Swinging Strike
0-2: Strikes out swinging
Top of the 5th over - 0 runs, 1 hit, 1 error, 2 left on base; Albuquerque 1 - Colorado Springs 3
BOTTOM OF THE 5TH
Colorado Springs Sky Sox batting - Pitching for Albuquerque Isotopes : RHP Adam McCurdy
Batting: LHB Michael Krott 0-0: Swinging Strike
0-1: Foul Ball, location: 2F
0-2: Foul Ball, location: 2F
0-2: Ground out 4-3 (Groundball, 4, EV 99.4 MPH)
Batting: RHB Mike McElroy 0-0: Ball
1-0: Foul Ball, location: 2F
1-1: Ball
2-1: Foul Ball, location: 2F
2-2: Ball
3-2: Ground out 6-3 (Groundball, 6, EV 103.8 MPH)
Pitching: RHP Chris Ishii
Batting: LHB Iehohs Inatho 0-0: Called Strike
0-1: Fly out, F9 (Flyball, 9S, EV 90.0 MPH)
Bottom of the 5th over - 0 runs, 0 hits, 0 errors, 0 left on base; Albuquerque 1 - Colorado Springs 3
TOP OF THE 6TH
Albuquerque Isotopes batting - Pitching for Colorado Springs Sky Sox : RHP Trey Price
Batting: SHB Jamel Wright 0-0: Ball
1-0: Ball
2-0: Ball
3-0: Called Strike
3-1: Base on Balls
Batting: LHB Adam Hill 0-0: Ball
1-0: Called Strike
1-1: Fielders Choice at 2nd, 1-6 (Groundball, 13S, EV 70.6 MPH)
Batting: LHB Gabe Harvey 0-0: Ball
1-0: Called Strike
1-1: Fly out, F7 (Line Drive, 78M, EV 98.1 MPH)
Batting: RHB Herb McIntyre 0-0: Called Strike
0-1: Called Strike
0-2: SINGLE (Line Drive, 8RS, EV 97.5 MPH)
Adam Hill to second
Batting: LHB Chad Persaud 0-0: Ball
1-0: Swinging Strike
1-1: Swinging Strike
1-2: Ground out 4-3 (Groundball, 4MS, EV 89.4 MPH)
Top of the 6th over - 0 runs, 1 hit, 0 errors, 2 left on base; Albuquerque 1 - Colorado Springs 3
BOTTOM OF THE 6TH
Colorado Springs Sky Sox batting - Pitching for Albuquerque Isotopes : RHP Chris Ishii
Batting: LHB Luke Coulter 0-0: Ball
1-0: Fly out, F9 (Flyball, 89S, EV 78.8 MPH)
Batting: RHB Eduardo Camacho 0-0: Foul Ball, location: 2F
0-1: Called Strike
0-2: Foul Ball, location: 2F
0-2: Ball
1-2: Fly out, F9 (Line Drive, 89M, EV 91.2 MPH)
Batting: RHB John Stevenson 0-0: Ball
1-0: Ball
2-0: Ball
3-0: Called Strike
3-1: Called Strike
3-2: Foul Ball, location: 2F
3-2: Ground out 6-3 (Groundball, 6, EV 107.5 MPH)
Bottom of the 6th over - 0 runs, 0 hits, 0 errors, 0 left on base; Albuquerque 1 - Colorado Springs 3
TOP OF THE 7TH
Albuquerque Isotopes batting - Pitching for Colorado Springs Sky Sox : RHP Trey Price
Pitching: RHP Davon Ware
Batting: SHB Mitchell Greene 0-0: Called Strike
0-1: Foul Ball, location: 2F
0-2: Foul Ball, location: 2F
0-2: Ground out U3 (Groundball, 34, EV 101.2 MPH)
Batting: RHB Mike Ball 0-0: SINGLE (Flyball, 89S, EV 90.6 MPH)
Batting: RHB Adrian Rudkilde 0-0: Foul Ball, location: 2F
0-1: Ball
1-1: Fly out, F7 (Flyball, 7D, EV 106.9 MPH)
Batting: RHB Chris King 0-0: Called Strike
Mike Ball steals 2nd base
0-1: Ground out 4-3 (Groundball, 4, EV 86.9 MPH)
Top of the 7th over - 0 runs, 1 hit, 0 errors, 1 left on base; Albuquerque 1 - Colorado Springs 3
BOTTOM OF THE 7TH
Colorado Springs Sky Sox batting - Pitching for Albuquerque Isotopes : RHP Chris Ishii
Batting: LHB Steve Gilliam 0-0: Called Strike
0-1: Ball
1-1: Ground out 6-3 (Groundball, 6, EV 81.9 MPH)
Batting: LHB Greg Valenzuela 0-0: Called Strike
0-1: Ball
1-1: Ball
2-1: Swinging Strike
2-2: Foul Ball, location: 2F
2-2: Foul Ball, location: 2F
2-2: Ground out 5-3 (Groundball, 6, EV 88.1 MPH)
Batting: RHB Maurice Moore 0-0: SINGLE (Groundball, 3S, EV 70.6 MPH) (infield hit)
Batting: LHB Michael Krott 0-0: Ball
1-0: Ball
2-0: Called Strike
2-1: Fly out, F8 (Flyball, 8RD, EV 88.8 MPH)
Bottom of the 7th over - 0 runs, 1 hit, 0 errors, 1 left on base; Albuquerque 1 - Colorado Springs 3
TOP OF THE 8TH
Albuquerque Isotopes batting - Pitching for Colorado Springs Sky Sox : RHP Davon Ware
Batting: SHB Jamel Wright 0-0: Ball
1-0: Swinging Strike
1-1: Ground out 4-3 (Groundball, 4, EV 80.0 MPH)
Batting: LHB Adam Hill 0-0: Ball
1-0: DOUBLE (Flyball, 89D, EV 106.2 MPH)
Batting: LHB Gabe Harvey 0-0: Ball
1-0: Fly out, F8 (Flyball, 78XD, EV 109.4 MPH)
Runner from 2nd tags up, SAFE at 3rd, no throw by CF
Batting: RHB Herb McIntyre 0-0: Ball
1-0: Ball
2-0: Called Strike
2-1: Fly out, F7 (Flyball, 7D, EV 84.4 MPH)
Top of the 8th over - 0 runs, 1 hit, 0 errors, 1 left on base; Albuquerque 1 - Colorado Springs 3
BOTTOM OF THE 8TH
Colorado Springs Sky Sox batting - Pitching for Albuquerque Isotopes : RHP Chris Ishii
Pitching: RHP Jose Lopez
Batting: RHB Mike McElroy 0-0: Swinging Strike
0-1: Swinging Strike
0-2: Ball
1-2: Foul Ball, location: 2F
1-2: Ground out 1-3 (Groundball, 13S, EV 70.6 MPH)
Batting: LHB Iehohs Inatho 0-0: Swinging Strike
0-1: Ball
1-1: Ground out U3 (Groundball, 34, EV 110.0 MPH)
Batting: LHB Luke Coulter 0-0: SINGLE (Line Drive, 6MD, EV 105.0 MPH)
Batting: RHB Eduardo Camacho 0-0: Ball
Luke Coulter is caught stealing 2nd base 2-4
Bottom of the 8th over - 0 runs, 1 hit, 0 errors, 0 left on base; Albuquerque 1 - Colorado Springs 3
TOP OF THE 9TH
Albuquerque Isotopes batting - Pitching for Colorado Springs Sky Sox : RHP Davon Ware
Pitching: RHP Jim Butler
Now at SS: Jamie Mims
Batting: LHB Chad Persaud 0-0: Ball
1-0: Ball
2-0: Ball
3-0: Fly out, F8 (Flyball, 8LD, EV 74.4 MPH)
Batting: SHB Mitchell Greene 0-0: Called Strike
0-1: Ball
1-1: Swinging Strike
1-2: Strikes out looking
Batting: RHB Mike Ball 0-0: Called Strike
0-1: Foul Ball, location: 2F
0-2: Ball
1-2: Strikes out swinging
Top of the 9th over - 0 runs, 0 hits, 0 errors, 0 left on base; Albuquerque 1 - Colorado Springs 3
Tuesday, March 28th , 2023 - OOTP Baseball 23.10 Build 110